 Dungeon Crawl Stone Soup version 0.27-a0-488-g88baaf19db (webtiles) character file.

Game seed: 16503872629856367868

81 Klosterheim the Charlatan (level 4, -1/33 HPs)
             Began as a Demonspawn Artificer on Mar 2, 2021.
             Killed from afar by Natasha (6 damage)
             ... with a magic dart
             ... on level 4 of the Dungeon.
             The game lasted 00:05:05 (3959 turns).

Klosterheim the Charlatan (Demonspawn Artificer)    Turns: 3959, Time: 00:05:06

Health: -1/33      AC:  6    Str: 13    XL:     4   Next: 20%
Magic:  4/4        EV: 12    Int: 13    God:
Gold:   168        SH:  5    Dex: 13    Spells: 3/3 levels left

rFire    . . .     SeeInvis .     - Unarmed
rCold    . . .     Faith    .   (no shield)
rNeg     . . .     Spirit   .   b - +0 leather armour
rPois    .         Reflect  +   (no helmet)
rElec    .         Harm     .   (no cloak)
rCorr    .         Rampage  .   (no gloves)
Will     .....                  u - +0 pair of boots
Stlth    +.........             n - amulet of reflection
HPRegen  0.11/turn              (no ring)
MPRegen  0.09/turn              (no ring)

@: no status effects
A: claws 1, icy blue scales 1
a: no special abilities


You were on level 4 of the Dungeon.
You visited 1 branch of the dungeon, and saw 4 of its levels.

You collected 168 gold pieces.

Inventory:

Armour
 b - a +0 leather armour (worn)
 i - a +0 scale mail
 u - a +0 pair of boots (worn)
Jewellery
 n - an amulet of reflection (around neck)
 s - an amulet of magic regeneration
Wands
 c - a wand of flame (9) (quivered)
 d - a wand of charming (15)
 e - a wand of random effects (15)
Scrolls
 a - a scroll of magic mapping {unknown}
 g - 2 scrolls of enchant armour {unknown}
 h - 3 scrolls of teleportation {unknown}
 l - 2 scrolls of enchant weapon {unknown}
 m - 2 scrolls of identify {unknown}
 p - a scroll of fog {unknown}
 r - a scroll of noise {unknown}
 t - 2 scrolls of blinking {unknown}
Potions
 f - a potion of attraction {unknown}
 j - 2 potions of flight {unknown}
 k - 2 potions of mutation {unknown}
 o - a potion of degeneration {unknown}
 q - 2 potions of heal wounds {unknown}


   Skills:
 - Level 2.0 Fighting
 - Level 2.0 Armour
 - Level 2.0 Dodging
 - Level 1.0 Stealth
 * Level 2.2 Unarmed Combat
 - Level 3.0 Evocations


You had 3 spell levels left.
You didn't know any spells.
Your spell library was empty.

Dungeon Overview and Level Annotations

Branches:
Dungeon (4/15)
 Temple: D:4-7

Altars:
Fedhas
Nemelex Xobeh
Wu Jian

Annotations:
D:4 Natasha


Innate Abilities, Weirdness & Mutations

You have sharp fingernails.
You are partially covered in icy blue scales. (AC +2)


Message History

Natasha shimmers violently.
You block Natasha's attack.
You closely miss Natasha.
Natasha is moderately wounded.
Natasha casts a spell at you. The magic dart hits you.
You block the iron imp's attack.
You scratch Natasha but do no damage.
Natasha is moderately wounded.
Natasha closely misses you.
You closely miss Natasha.
Natasha is moderately wounded.
The iron imp closely misses you.
Natasha stares at you and mumbles some strange words.
The magic dart hits you!
You closely miss Natasha.
Natasha is moderately wounded.
The iron imp closely misses you.
Natasha casts a spell.
You scratch Natasha.
Natasha is heavily wounded.
The iron imp misses you. Natasha barely misses you.
The shadow imp gestures at you.
You barely resist. You completely miss Natasha.
Natasha is heavily wounded.
Natasha casts a spell at you. The magic dart hits you.
The iron imp hits you but does no damage.
You barely miss Natasha.
Natasha is heavily wounded.
The shadow imp closely misses you. Natasha closely misses you.
You scratch Natasha but do no damage. You claw Natasha.
Natasha is severely wounded.
The iron imp hits you but does no damage.
The shadow imp gestures at you. Pain shoots through your body!
* * * LOW HITPOINT WARNING * * *
Natasha stares at you and mumbles some strange words.
The magic dart hits you.
You die...

#........# !......
#........# ### .......
#........# #.. .......
#.<......# #.# .......
#........# #.#
.......####........###.#
.......#...#'#####.....#
......5#...### #.#####
......h@5..# #......
##.#.###$..# #.###.#
#...+ +.# # #...# #.# #
....# #.. # ####.# ### #
.. # [.. # #


You could see an iron imp (summoned), Natasha and a shadow imp (summoned).

Vanquished Creatures
  2 adders (D:3)
  A worm (D:3)
  2 leopard geckos
  6 bats
  4 giant cockroaches
  7 goblins
  10 hobgoblins
  6 jackals
  2 ball pythons
  2 frilled lizards
  8 kobolds
  4 rats
54 creatures vanquished.

Notes
Turn   | Place    | Note
-------+----------+-------------------------------------------
     0 | D:1      | Klosterheim the Demonspawn Artificer began the quest for
                  | the Orb.
     0 | D:1      | Reached XP level 1. HP: 15/15 MP: 1/1
    36 | D:1      | Reached skill level 1 in Dodging
    36 | D:1      | Reached skill level 1 in Stealth
   304 | D:1      | Gained mutation: You have sharp fingernails. [demonic
                  | ancestry]
   304 | D:1      | Reached XP level 2. HP: 21/21 MP: 2/2
  1202 | D:1      | Reached skill level 1 in Unarmed Combat
  1665 | D:1      | Reached XP level 3. HP: 16/27 MP: 3/3
  1979 | D:2      | Found a blossoming altar of Fedhas.
  2216 | D:2      | Found a sparkling altar of Nemelex Xobeh.
  3207 | D:3      | Gained mutation: You are partially covered in icy blue
                  | scales. (AC +2) [demonic ancestry]
  3207 | D:3      | Reached XP level 4. HP: 28/33 MP: 4/4
  3779 | D:3      | Found an ornate altar of the Wu Jian Council.
  3945 | D:4      | Noticed Natasha
  3959 | D:4      | Killed from afar by Natasha

Illustrated notes

Levels and vault maps discovered:
D:1:      scummos_arrival_hexagon, layout_loops_ring
D:2:      layout_basic, fedhas_altar_1, general_overflow_altar
D:3:      layout_rooms, lemuel_doored_altar, serial_corexii_hall,
          corexii_hall_statues_u, corexii_hall_statues_i, minmay_diced_spiral
D:4:      layout_basic, kennysheep_ying_yang, kennysheep_little_box,
          uniq_duvessa, uniq_blork_the_orc, uniq_natasha

Skill      XL: |  1  2  3  4 |
---------------+-------------+-----
Dodging        | 1 2 |  2.0
Stealth        | 1 |  1.0
Armour         | 2 |  2.0
Unarmed Combat | 1 2 |  2.2
Fighting       | 2 |  2.0
Evocations     | |  3.0

Action                   |  1- 3 |  4- 6 || total
-------------------------+-------+-------++-------
Melee: Club              |    14 |       ||    14
       Unarmed           |   207 |    33 ||   240
       Punch             |     1 |     1 ||     2
Evoke: Wand              |     6 |       ||     6
 Stab: Sleeping          |     4 |       ||     4
Armor: Leather armour    |    45 |    11 ||    56
Dodge: Dodged            |   111 |    21 ||   132
Block: Other             |       |     2 ||     2

Table legend: (Time is in decaauts)
 A = Elapsed time spent in this place.
 B = Non-inter-level travel time spent in this place.
 C = Inter-level travel time spent in this place.
 D = Time resting spent in this place.
 E = Time spent auto-exploring this place.
 F = Levels seen in this place.
 G = Mean time per level.
                   A        B        C        D        E       F      G
               +--------+--------+--------+--------+--------+-----+--------+
         Total |   3956 |   3839 |    117 |   1452 |   1894 |   4 |  989.0 |
       Dungeon |   3956 |   3839 |    117 |   1452 |   1894 |   4 |  989.0 |
               +--------+--------+--------+--------+--------+-----+--------+

Top non-repeatable levels by time:
     D:1: 1807 daAuts
     D:2: 1028 daAuts
     D:3: 1010 daAuts
     D:4: 110 daAuts
